 Dungeon Crawl Stone Soup version 0.30-a0-883-g5ad918d77d (webtiles) character file.

Game seed: 17978116551286956722

535 112233 the Sneak (level 7, -1/35 HPs)
             Began as a Spriggan Enchanter on Mar 15, 2023.
             Slain by an orc
             ... wielding a +0 falchion
              (7 damage)
             ... on level 6 of the Dungeon.
             The game lasted 00:05:40 (3651 turns).

112233 the Sneak (Spriggan Enchanter)               Turns: 3651, Time: 00:05:40

Health: -1/35      AC:  2    Str:  2 (4)  XL:     7   Next: 4%
Magic:  6/15       EV: 18    Int: 16 (19) God:
Gold:   193        SH:  0    Dex: 12 (15) Spells: 8/16 levels left

rFire   . . .      SeeInvis +    a - +1 dagger
rCold   . . .      Faith    .    (no shield)
rNeg    . . .      Spirit   .    b - +0 robe
rPois   .          Reflect  .    (helmet restricted)
rElec   .          Rampage  .    (no cloak)
rCorr   .                        (gloves unavailable)
Will    +....                    (boots unavailable)
Stlth   +++                      (no amulet)
HPRegen 0.25/turn                (no ring)
MPRegen 0.14/turn                (no ring)

@: lethally poisoned (-1 -> -4), very slightly contaminated, very quick
A: very small, no large weapons, unfitting armour, see invisible, speed 3
a: no special abilities


You were on level 6 of the Dungeon.
You visited 1 branch of the dungeon, and saw 6 of its levels.

You collected 193 gold pieces.

Inventory:

Hand Weapons
 a - a +1 dagger (weapon)
 k - the +8 flail of Discretion {heavy, +Blink Stlth+}
   (You found it on level 2 of the Dungeon)

   +Blink:    It lets you blink.
   Stlth:     It makes you more stealthy.
Missiles
 l - 2 throwing nets (quivered)
Armour
 b - a +0 robe (worn)
Wands
 t - a wand of polymorph (11)
Scrolls
 c - a scroll of magic mapping {unknown}
 d - 2 scrolls of enchant armour {unknown}
 e - a scroll of silence {unknown}
 f - 5 scrolls of identify {unknown}
 g - 2 scrolls of acquirement {unknown}
 h - 2 scrolls of enchant weapon {unknown}
 i - a scroll of vulnerability {unknown}
 m - a scroll of blinking {unknown}
 n - a scroll of teleportation {unknown}
 q - a scroll of torment {unknown}
Potions
 j - a potion of magic {unknown}
 o - a potion of heal wounds {unknown}
 p - a potion of degeneration
 r - a potion of curing {unknown}
 s - a potion of mutation {unknown}


   Skills:
 + Level 2.6 Fighting
 - Level 1.1 Short Blades
 + Level 5.6 Dodging
 + Level 7.3 Stealth
 + Level 5.2 Spellcasting
 - Level 3.6 Hexes


You had 8 spell levels left.
You knew the following spells:

 Your Spells              Type           Power      Damage    Failure   Level
a - Ensorcelled Hibernat  Hex/Ice        18%        N/A       11%         2
b - Confusing Touch       Hex            15%        N/A       10%         3
c - Tukima's Dance        Hex            15%        N/A       10%         3

Your spell library contained the following spells:

 Spells                   Type           Power      Damage    Failure   Level
 Dazzling Flash           Conj/Hex       18%        N/A       22%         3
 Ozocubu's Armour         Ice            4%         N/A       41%         3
 Olgreb's Toxic Radiance  Pois           4%         N/A       83%         4
 Metabolic Englaciation   Hex/Ice        4%         N/A       89%         5
 Simulacrum               Ice/Necr       2%         N/A       100%        6
 Ozocubu's Refrigeration  Ice            2%         4d7       100%        7
 Ignition                 Fire           2%         3d3       100%        8


Dungeon Overview and Level Annotations

Branches:
Dungeon (6/15)
 Temple: D:4-7

Altars:
Kikubaaqudgha
Makhleb

Shops:
D:1 (   D:2 :   D:6 (

Annotations:
D:3 1 transporter
D:4 Sigmund


Innate Abilities, Weirdness & Mutations

You are very small and have problems with some larger weapons.
You are too small for most types of armour.
You have supernaturally acute eyesight. (SInv)
You cover ground extremely quickly. (Speed+++)


Message History

Aim: an adder (chance to affect: 53%)
The adder resists with significant effort.
The adder closely misses you. The orc barely misses you. The adder misses you.
The orc hits you with a +0 falchion. The adder bites you.
You are poisoned.
The adder poisons you!
You climb downwards.
You feel sick.
There is a stone staircase leading up here.
Casting: Ensorcelled Hibernation (safe; 9% risk of failure)
Confirm with . or Enter, or press ? or * to list all spells.
Aiming: Ensorcelled Hibernation (safe; 9% risk of failure)
Press: ? - help, Shift-Dir - straight line, f - adder
Aim: an adder (chance to affect: 53%)
The adder resists with significant effort.
You feel sick. The adder bites you.
You are more poisoned.
The adder poisons you! The orc hits you with a +0 falchion!
Casting: Ensorcelled Hibernation (safe; 9% risk of failure)
Confirm with . or Enter, or press ? or * to list all spells.
Aiming: Ensorcelled Hibernation (safe; 9% risk of failure)
Press: ? - help, Shift-Dir - straight line, f/p - adder
Aim: an adder (chance to affect: 53%)
The adder resists with significant effort.
You feel sick. The adder completely misses you. The orc misses you.
The adder closely misses you.
Casting: Ensorcelled Hibernation (safe; 9% risk of failure)
Confirm with . or Enter, or press ? or * to list all spells.
Aiming: Ensorcelled Hibernation (safe; 9% risk of failure)
Press: ? - help, Shift-Dir - straight line, f/p - adder
Aim: an adder (chance to affect: 53%)
You miscast Ensorcelled Hibernation.
You are very lightly contaminated with residual magic.
Nothing appears to happen.
You feel sick. The orc hits you with a +0 falchion!
* * * LOW HITPOINT WARNING * * *
The adder misses you.
It was a potion of degeneration.
There was something very wrong with that liquid.
You feel weakened.
You feel dopey.
You feel clumsy.
You feel sick. The orc hits you with a +0 falchion!
You die...

.....#### #.#
.#####
#####.### ##
###.......##
#.....$.>..##
##
.....#.......#
####..
#####........##
...... #..
#...†.....#
...... #$
#.#.......#
...... #
#.#..@...##
......
#.#..oS..#
...... #.....##
...... #..####
...... #...
...... ...
...... ....
...... .....
......


You could see an adder and an orc.

Vanquished Creatures
  5 scorpions
  A howler monkey (D:4)
  An iguana (D:6)
  An orc wizard (D:5)
  5 adders
  3 gnolls
  2 worms (D:2)
  A dart slug (D:1)
  5 orcs
  3 ball pythons
  7 bats
  5 endoplasms
  2 giant cockroaches (D:2)
  2 hobgoblins (D:1)
  11 jackals
  A quokka (D:1)
  4 frilled lizards
  4 goblins
  3 kobolds
  9 rats
75 creatures vanquished.

Notes
Turn   | Place    | Note
-------+----------+-------------------------------------------
     0 | D:1      | 112233 the Spriggan Enchanter began the quest for the Orb.
     0 | D:1      | Reached XP level 1. HP: 9/9 MP: 5/5
   294 | D:1      | Reached XP level 2. HP: 13/13 MP: 7/7
   460 | D:1      | Found Ojuq's Antique Weapon Boutique.
   478 | D:1      | Learned a level 2 spell: Ensorcelled Hibernation
   504 | D:1      | Reached skill level 5 in Stealth
   677 | D:2      | Reached XP level 3. HP: 9/17 MP: 3/8
   965 | D:2      | Found Qulishrou's Book Shoppe.
  1016 | D:3      | Found a burning altar of Makhleb.
  1817 | D:2      | Identified the +8 flail of Discretion {heavy, +Blink
                  | Stlth+}
  1918 | D:3      | Reached skill level 1 in Fighting
  2086 | D:2      | Reached XP level 4. HP: 15/22 MP: 7/10
  2606 | D:3      | Found an ancient bone altar of Kikubaaqudgha.
  2760 | D:3      | Found a transporter.
  2782 | D:3      | Learned a level 3 spell: Tukima's Dance
  2803 | D:4      | Noticed a scorpion
  2806 | D:4      | Killed a scorpion
  2807 | D:4      | Reached skill level 6 in Stealth
  2807 | D:4      | Reached XP level 5. HP: 25/25 MP: 10/12
  2827 | D:4      | Noticed Sigmund
  2829 | D:4      | Noticed a phantom
  2971 | D:5      | Entered Level 5 of the Dungeon
  3003 | D:5      | Learned a level 3 spell: Confusing Touch
  3014 | D:5      | Reached XP level 6. HP: 30/30 MP: 10/13
  3095 | D:5      | Reached skill level 5 in Dodging
  3269 | D:5      | Reached skill level 7 in Stealth
  3269 | D:5      | Reached skill level 5 in Spellcasting
  3390 | D:6      | Found Ziklofirchoa's Antique Weapon Shop.
  3470 | D:6      | Reached XP level 7. HP: 35/35 MP: 6/15
  3651 | D:6      | Slain by an orc

Illustrated notes

Levels and vault maps discovered:
D:1:      grunt_arrival_lava_bath, layout_loops_cross, serial_shops,
          nicolae_shop_hallway_plus, minmay_pentomino_p4
D:2:      layout_basic, serial_shops, shop, hex_tiny, minmay_misc_feat_enclosed
D:3:      gammafunk_wand_slinger, layout_loops_ring,
          mainiacjoe_overflow_catch_the_wave
D:4:      cheibrodos_quashed, layout_rooms, gammafunk_ghost_cemetery,
          uniq_sigmund, uniq_robin
D:5:      layout_basic
D:6:      hellmonk_ruined_rings, layout_cave_pods,
          chequers_temple_overflow_statue_of_worship,
          minmay_temple_entry_large_hall, serial_shops, nicolae_take_the_stairs,
          nicolae_shop_stone, shop, shop, kennysheep_donut,
          kennysheep_small_square

Skill      XL: |  1  2  3  4  5  6 |
---------------+-------------------+-----
Dodging        | 3 4 5 |  5.6
Spellcasting   | 3 4 5 |  5.2
Stealth        | 5 6 7 |  7.3
Fighting       | 1 2 |  2.6
Short Blades   | |  1.1
Hexes          | |  3.6

Action                     |  1- 3 |  4- 6 |  7- 9 || total
---------------------------+-------+-------+-------++-------
  Melee: Dagger            |   105 |    64 |     2 ||   171
         Flail             |    21 |     6 |       ||    27
   Cast: Ensorcelled Hiber |    22 |    35 |     4 ||    61
    Use: Potion            |     1 |     1 |     1 ||     3
   Stab: Sleeping          |    21 |    21 |     1 ||    43
         Invisible         |     1 |     1 |       ||     2
 Armour: Robe              |    14 |     8 |       ||    22
  Dodge: Dodged            |   138 |    87 |     8 ||   233

Table legend: (Time is in decaauts)
 A = Elapsed time spent in this place.
 B = Non-inter-level travel time spent in this place.
 C = Inter-level travel time spent in this place.
 D = Time resting spent in this place.
 E = Time spent auto-exploring this place.
 F = Levels seen in this place.
 G = Mean time per level.
                   A        B        C        D        E       F      G
               +--------+--------+--------+--------+--------+-----+--------+
         Total |   2963 |   2831 |    132 |   1101 |   1056 |   6 |  493.8 |
       Dungeon |   2963 |   2831 |    132 |   1101 |   1056 |   6 |  493.8 |
               +--------+--------+--------+--------+--------+-----+--------+

Top non-repeatable levels by time:
     D:2: 1047 daAuts
     D:3: 685 daAuts
     D:1: 589 daAuts
     D:6: 304 daAuts
     D:5: 270 daAuts
     D:4: 65 daAuts
